 Dungeon Crawl Stone Soup version 0.30-a0-570-g486de37d69 (webtiles) character file.

Game seed: 10694310593298298835

127 rsvaco the Covert (level 4, -2/26 (28) HPs)
             Began as a Vampire Delver on Dec 29, 2022.
             Slain by an orc
             ... wielding a +0 whip
              (3 damage)
             ... on level 8 of the Dungeon.
             The game lasted 00:07:41 (623 turns).

rsvaco the Covert (Vampire Delver)                   Turns: 623, Time: 00:07:42

HP:   -2/26 (28)    AC:  3    Str: 11 (12) XL:     4   Next: 85%
MP:   4/4           EV: 13    Int: 10 (11) God:
Gold: 142           SH:  0    Dex: 22 (23) Spells: 3/3 levels left

rFire   + . .      SeeInvis +    h - +2 war axe (vamp)
rCold   x . .      Faith    .    (no shield)
rNeg    . . .      Spirit   .    b - +0 leather armour
rPois   .          Reflect  .    (no helmet)
rElec   .          Harm     .    (no cloak)
rCorr   +          Rampage  .    (no gloves)
Will    .....                    (no boots)
Stlth   ++++                     (no amulet)
HPRegen 0.44/turn                o - ring of Neurouw {Fire rCorr Dex+4}
MPRegen 0.09/turn                (no ring)

@: healing quickly, drained, unable to read
A: alive, fangs 3, see invisible, vampiric 2, agile 1, inability to read after
injury 1, [frail 2]
a: Exsanguinate


You were on level 8 of the Dungeon.
You visited 1 branch of the dungeon, and saw 4 of its levels.

You collected 142 gold pieces.

Inventory:

Hand Weapons
 a - a +0 falchion
 e - a +2 long sword of holy wrath
 h - a +2 vampiric war axe (weapon)
Missiles
 i - 6 stones (quivered)
 k - 5 poisoned darts
Armour
 b - a +0 leather armour (worn)
Jewellery
 o - the ring of Neurouw (left hand) {Fire rCorr Dex+4}
   (You found it on level 7 of the Dungeon)

   [ring of fire]

   It enhances your fire magic.
   Dex:       It affects your dexterity (+4).
   rF:        It protects you from fire.
   rC:        It makes you vulnerable to cold.
   rCorr:     It protects you from acid and corrosion.
Wands
 g - a wand of digging (3)
Scrolls
 c - a scroll of fog
 d - a scroll of magic mapping
 j - a scroll of teleportation {unknown}
 n - a scroll of identify {unknown}
Potions
 f - 2 potions of haste
 l - a potion of ambrosia {unknown}
 m - a potion of lignification {unknown}


   Skills:
 + Level 3.2 Fighting
 + Level 2.1 Long Blades
 + Level 1.1 Axes
 + Level 0.6 Armour
 + Level 2.6 Dodging
 + Level 9.0 Stealth


You had 3 spell levels left.
You didn't know any spells.
Your spell library was empty.

Dungeon Overview and Level Annotations

Branches:
Dungeon (8/15)             Temple (0/1) D:7
   Lair: D:8-11

Altars:

Shops:
D:7 :

Annotations:
D:5 2 transporters


Innate Abilities, Weirdness & Mutations

Your natural rate of healing is accelerated.
You have razor-sharp teeth.
You have supernaturally acute eyesight. (SInv)
You are afflicted with vampirism and can become a bat while bloodless.
You are agile. (Dex +4, Str/Int -1)
You occasionally lose the ability to read scrolls when taking damage.
[You are very frail. (-20% HP)]


Message History

You hit the orc wizard. Your bite misses the orc wizard.
The orc wizard is severely wounded.
The orc wizard casts a spell at you. You resist with some effort.
The orc misses you.
You closely miss the orc wizard.
The orc wizard is severely wounded.
You barely miss the orc.
The orc wizard points at you and mumbles some strange words.
The magic dart hits you. The orc barely misses you.
The orc wizard points at you and mumbles some strange words.
You resist with some effort.
The orc wizard attacks as you move away!
The orc wizard misses you.
The orc wizard attacks as you move away!
The orc wizard completely misses you.
The orc wizard attacks as you move away!
The orc wizard closely misses you. The orc attacks as you move away!
The orc closely misses you. The orc attacks as you move away!
The orc hits you with a +0 whip.
You feel threatened and lose the ability to read scrolls!
The orc attacks as you move away! The orc barely misses you.
You can read scrolls again.
The orc wizard attacks as you move away!
The orc wizard completely misses you.
The orc wizard attacks as you move away!
The orc wizard barely misses you. The orc wizard casts a spell at you.
The magic dart hits you!
You feel threatened and lose the ability to read scrolls!
* * * LOW HITPOINT WARNING * * *
The orc attacks as you move away! The orc closely misses you.
The orc attacks as you move away! The orc hits you with a +0 whip.
* * * LOW HITPOINT WARNING * * *
You cannot read scrolls in your current state!
The orc attacks as you move away! The orc hits you with a +0 whip.
* * * LOW HITPOINT WARNING * * *
Things that are here:
a +0 mace; a +0 dagger The orc attacks as you move away!
The orc hits you with a +0 whip.
You die...

# #..# #..###.###'########..##..
####..###..###.###...##########..
............#.................+..
............#................####
............#................#
....zz.zzz..+.................
####...##...######..##.###...# #
######..z######+###.#######
+...z.ooo@....>.......#
#........)............#
##..##.###...##..##....
#..######...##### ##.
....#........# .....#........+
..##..##..####.# ## #####.. #.#
... ...


You could see 2 wights, an orc wizard (invisible) and 2 orcs.

Vanquished Creatures
  A wight (D:8)
  A hound (D:5)
  An adder (D:5)
  2 gnolls (D:5)
  A shadow imp (D:6)
  5 orcs (D:8)
11 creatures vanquished.

Notes
Turn   | Place    | Note
-------+----------+-------------------------------------------
     0 | D:5      | rsvaco the Vampire Delver began the quest for the Orb.
     0 | D:5      | Reached XP level 1. HP: 17/17 MP: 1/1
    58 | D:5      | Found a transporter.
    59 | D:5      | Noticed an electric eel
    61 | D:5      | Noticed an electric eel
    86 | D:5      | Found a transporter.
    91 | D:5      | Noticed a hound
    99 | D:5      | Killed a hound
   100 | D:5      | Reached skill level 8 in Stealth
   100 | D:5      | Reached XP level 2. HP: 20/20 MP: 2/2
   100 | D:5      | Gained mutation: You are afflicted with vampirism and can
                  | become a bat while bloodless. [Vampire growth]
   100 | D:5      | Reached XP level 3. HP: 25/25 MP: 3/3
   103 | D:5      | Noticed a gnoll sergeant
   119 | D:5      | Gained mutation: You occasionally lose the ability to read
                  | scrolls when taking damage. [potion of mutation]
   119 | D:5      | Gained mutation: You are agile. (Dex +4, Str/Int -1)
                  | [potion of mutation]
   382 | D:7      | Noticed a bullfrog
   390 | D:7      | Found Domuiph's Vocational Training.
   414 | D:7      | Found a staircase to the Ecumenical Temple.
   421 | D:7      | Identified the ring of Neurouw {Fire rCorr Dex+4}
   507 | D:8      | Noticed a wight
   548 | D:8      | Reached XP level 4. HP: 28/28 MP: 4/4
   596 | D:8      | Reached skill level 1 in Axes
   596 | D:8      | Reached skill level 9 in Stealth
   622 | D:8      | HP: 1/26 [orc/+0 whip (2)]
   623 | D:8      | Slain by an orc

Illustrated notes

Levels and vault maps discovered:
D:5:      gammafunk_steamed_eel, layout_loops_cross, cheibriados_altar_1,
          mainiacjoe_overflow_boulevard, kennysheep_vampire_church
D:6:      layout_gridville, lemuel_zombie_altar_yredelemnul
D:7:      layout_loops_ring, minmay_temple_entry_overgrown,
          nicolae_shop_vocational
D:8:      layout_gridville, mainiacjoe_overflow_big_doors, enter_bailey_2,
          uniq_joseph

Skill      XL: |  1  2  3  4 |
---------------+-------------+-----
Stealth        | 8 9 |  9.0
Fighting       | 3 |  3.2
Axes           | 1 |  1.1
Long Blades    | |  2.1
Armour         | |  0.6
Dodging        | |  2.6

Action                   |  1- 3 |  4- 6 || total
-------------------------+-------+-------++-------
Melee: War axe           |    24 |    13 ||    37
       Punch             |     1 |       ||     1
       Bite              |     1 |     1 ||     2
Throw: Stone             |       |     2 ||     2
 Abil: Exsanguinate      |     2 |       ||     2
       Revivify          |     2 |       ||     2
       Bat Form          |     1 |       ||     1
Evoke: Wand              |       |     3 ||     3
  Use: Scroll            |     1 |       ||     1
       Potion            |     1 |       ||     1
Armor: Leather armour    |    10 |     2 ||    12
Dodge: Dodged            |    31 |    17 ||    48

Table legend: (Time is in decaauts)
 A = Elapsed time spent in this place.
 B = Non-inter-level travel time spent in this place.
 C = Inter-level travel time spent in this place.
 D = Time resting spent in this place.
 E = Time spent auto-exploring this place.
 F = Levels seen in this place.
 G = Mean time per level.
                   A        B        C        D        E       F      G
               +--------+--------+--------+--------+--------+-----+--------+
         Total |    546 |    380 |    166 |      0 |     84 |   4 |  136.5 |
       Dungeon |    546 |    380 |    166 |      0 |     84 |   4 |  136.5 |
               +--------+--------+--------+--------+--------+-----+--------+

Top non-repeatable levels by time:
     D:6: 198 daAuts
     D:5: 154 daAuts
     D:8: 136 daAuts
     D:7: 57 daAuts
